 Dungeon Crawl Stone Soup version 0.31-a0-986-g5e6e4ef867 (webtiles) character file.

Game seed: 4795917840420312064

12 wildpjah the Sneak (level 2, 0/15 HPs)
             Began as a Tengu Enchanter on Nov 20, 2023.
             Frozen to death by an endoplasm (2 damage)
             ... on level 1 of the Dungeon.
             The game lasted 00:00:31 (292 turns).

wildpjah the Sneak (Tengu Enchanter)                 Turns: 292, Time: 00:00:33

Health: 0/15       AC:  3    Str:  8    XL:     2   Next: 33%
Magic:  6/6        EV: 11    Int: 15    God:
Gold:   36         SH:  0    Dex: 14    Spells: 5/5 levels left

rFire   . . .        f - +0 short sword
rCold   . . .        (no shield)
rNeg    . . .        d - +0 leather armour
rPois   .            (helmet restricted)
rElec   .            (no cloak)
rCorr   .            (no gloves)
SInv    .            (boots unavailable)
Will    .....        (no amulet)
Stlth   ++           (no ring)
HPRegen 0.22/turn    (no ring)
MPRegen 0.10/turn

%: acrobat
@: no status effects
A: beak, talons 3, acrobatic
a: no special abilities


You were on level 1 of the Dungeon.
You visited 1 branch of the dungeon, and saw 1 of its levels.

You collected 36 gold pieces.

Inventory:

Hand Weapons
 a - a +1 dagger
 f - a +0 short sword (weapon)
Armour
 b - a +0 robe
 d - a +0 leather armour (worn)
Scrolls
 e - a scroll of teleportation {unknown}
 g - a scroll of silence {unknown}
Potions
 c - 2 potions of invisibility


   Skills:
 + Level 1.2 Short Blades
 + Level 0.1 Armour
 + Level 2.2 Dodging
 + Level 3.3 Stealth
 + Level 2.2 Spellcasting
 + Level 2.3 Hexes


You had 5 spell levels left.
You didn't know any spells.
Your spell library contained the following spells:

 Spells                   Type           Power      Damage    Failure   Level
 Ensorcelled Hibernation  Hex/Ice        10%        N/A       30%         2
 Confusing Touch          Hex            8%         N/A       36%         3
 Tukima's Dance           Hex            8%         N/A       36%         3
 Dazzling Flash           Conj/Hex       10%        N/A       52%         3


Dungeon Overview and Level Annotations

Branches:
Dungeon (1/15)

Altars:

Shops:
D:1 (


Innate Abilities, Weirdness & Mutations

You have a beak for a mouth.
You have claws for feet.
You can magically evade attacks while moving or waiting.


Message History

You completely miss the jackal.
The jackal bites you but does no damage.
The endoplasm barely misses you.
You hit the jackal. You claw the jackal. Your peck misses the jackal.
The jackal is severely wounded.
The jackal bites you but does no damage.
The endoplasm closely misses you.
You closely miss the jackal. Your kick misses the jackal.
You peck the jackal, but do no damage.
The jackal is severely wounded.
The jackal closely misses you.
The jackal bites you but does no damage.
The endoplasm barely misses you.
You closely miss the jackal.
The jackal is severely wounded.
The jackal bites you. The endoplasm freezes you.
You are frozen.
You are too injured to fight recklessly!
You hit the jackal but do no damage. You claw the jackal, but do no damage.
The jackal is severely wounded.
The jackal bites you but does no damage.
The endoplasm hits you but does no damage.
You closely miss the jackal. Your kick misses the jackal.
Your peck misses the jackal.
The jackal is severely wounded.
The jackal misses you. The jackal bites you. The endoplasm freezes you.
You are frozen.
* * * LOW HITPOINT WARNING * * *
You hit the endoplasm.
The endoplasm is moderately wounded.
The jackal misses you. The endoplasm barely misses you.
You hit the endoplasm but do no damage.
The endoplasm is moderately wounded.
The jackal bites you.
* * * LOW HITPOINT WARNING * * *
The endoplasm freezes you.
You are frozen.
You die...

#.... #.. #... ...
##.SJ #.# #... #.##
... ...# #.# #..#
#.#####.(#
#########.?......#
#...hhh@J..####..##
#.#.######## #...#
#...# ###...#
######.#.#.##
..##...###.#
#.###.#.#.##
#.###.##.>#
#.....##..#


You could see an endoplasm and 3 jackals.

Vanquished Creatures
  A dart slug (D:1)
  An endoplasm (D:1)
  A giant cockroach (D:1)
  A goblin (D:1)
  A hobgoblin (D:1)
  A jackal (D:1)
  A frilled lizard (D:1)
  3 kobolds (D:1)
  A rat (D:1)
11 creatures vanquished.

Notes
Turn   | Place    | Note
-------+----------+-------------------------------------------
     0 | D:1      | wildpjah the Tengu Enchanter began the quest for the Orb.
     0 | D:1      | Reached XP level 1. HP: 10/10 MP: 4/4
   170 | D:1      | Found Yrasun's Antique Weapon Shop.
   181 | D:1      | Reached XP level 2. HP: 13/15 MP: 6/6
   292 | D:1      | Frozen to death by an endoplasm

Illustrated notes

Levels and vault maps discovered:
D:1:      eino_arrival_tree_alley, layout_loops_ring, serial_shops, shop,
          minmay_distorted

Action                     || total
---------------------------++-------
  Melee: Dagger            ||    12
         Kick              ||     7
         Short sword       ||    22
         Peck              ||     2
   Stab: Sleeping          ||     2
 Armour: Leather armour    ||    18
         Robe              ||     1
  Dodge: Dodged            ||    18

Table legend: (Time is in decaauts)
 A = Elapsed time spent in this place.
 B = Non-inter-level travel time spent in this place.
 C = Inter-level travel time spent in this place.
 D = Time resting spent in this place.
 E = Time spent auto-exploring this place.
 F = Levels seen in this place.
 G = Mean time per level.
                   A        B        C        D        E       F      G
               +--------+--------+--------+--------+--------+-----+--------+
         Total |    289 |    289 |      0 |      0 |    187 |   1 |  289.0 |
       Dungeon |    289 |    289 |      0 |      0 |    187 |   1 |  289.0 |
               +--------+--------+--------+--------+--------+-----+--------+

Top non-repeatable levels by time:
     D:1: 289 daAuts
